Unix NetHack Version 3.7.0-53 Work-in-progress - last build Mar 21 2022 02:33:53 (e25487e73a26563eb890138f5364dfe52547422e,branch:master). Game began 2022-03-25 10:52:48, ended 2022-03-25 11:17:07. elenmirie, neutral female gnomish Archeologist --- -.| ----------------------- ----------- -- .-- ............-|.......| |.......<.--.-- -..| ----.....#....|..--...| |...........| |..| |..|........{....-|...| --..........| --..| |..|..----.....#..|...| ---........| -...--------- -----..|..| |........|...| |.......--- |..|..................|-|-..| |-|--...----.| |.|.....| ...-|-.-------------.---..G..-+-|...|...| |.| |.|-...-| -... |..|...|...| |....B@.......|?((|...+ |.-- ---.---...| ...- |..|...-...| |...{.e------+|(((|...----..| |.........-- --- |..|...|...-+--......| |---|........-- ---.---......--- -..-----.............+. |...|........-- --...| -----....| .|.........-+---|--..|. ---|...|..-----..---....| |....| .....--|---|-- |...|..-----..|...|..|...|...|..|.-| --..-| ........|...|.. |?%%|%........--|--..-...|.....-|..| --...| |........|...|... |%?%|................|...|.-----|..| |....| --.>...-.|-------- ----|................|---|.| ---- -...-- ..--. .| ----------....---- --- |...-- -- -- .| --..-- ----- --- ---- Elenmirie the Field Worker St:14 Dx:9 Co:14 In:17 Wi:14 Ch:10 Neutral Dlvl:5 $:541 HP:0(31) Pw:26(26) AC:0 Xp:5/174 T:2704 Latest messages: There is a lichen corpse here; eat it? [ynq] (n) y This lichen corpse tastes okay. You finish eating the lichen corpse. Y - an apple. You hear an animal carcass being offered in sacrifice. You hear crashing rock. You hear crashing rock. You hear a door open. You miss the gray ooze. You hit the gray ooze. You miss the gray ooze. You hit the gray ooze. You hit the gray ooze. You hit the gray ooze. You hit the gray ooze. You hit the gray ooze. You hit the gray ooze. You hit the gray ooze. You hit the gray ooze. You hit the gray ooze. You hit the gray ooze. You hit the gray ooze. You kill the gray ooze! You swap places with the peaceful dwarf. The grid bug misses! You hit the grid bug. The grid bug bites! You kill the grid bug! You hit the floating eye. You hear a chugging sound. You miss the floating eye. You are frozen by the floating eye's gaze! The giant bat bites! The giant bat bites! The giant bat bites! The giant bat just misses! The giant bat misses! The giant bat bites! The giant bat bites! The giant bat bites! The giant bat misses! The giant bat bites! The giant bat bites! The giant bat bites! You die... Do you want your possessions identified? [ynq] (y) y Do you want to see your attributes? [ynq] (y) y Do you want an account of creatures vanquished? [ynaq] (y) y Do you want to see your conduct and achievements? [ynq] (y) y Do you want to see the dungeon overview? [ynq] (y) y Major events: Turn 1: elenmirie the neutral female gnomish Archeologist entered the dungeon 1057: attained the rank of Field Worker (level 3) 1071: entered the Gnomish Mines 2513: reached Mine Town 2704: killed by a giant bat, while frozen by a floating eye's gaze Inventory: Coins $ - 541 gold pieces Weapons I - 3 uncursed +0 elven daggers K - an uncursed +2 bullwhip Armor c - an uncursed +0 fedora (being worn) N - a blessed +2 pair of water walking boots (being worn) C - a blessed +1 cloak of protection (being worn) z - a blessed +1 leather armor (being worn) Comestibles Y - an uncursed apple d - 2 uncursed food rations Rings T - a blessed +1 ring of gain constitution H - an uncursed ring of invisibility p - an uncursed ring of see invisible U - a cursed ring of teleport control Tools w - an uncursed sack containing 10 items o - a cursed brass lantern (lit) V - an uncursed can of grease (0:24) e - an uncursed lock pick t - an uncursed tinning kit (0:97) Gems/Stones W - 2 uncursed rubies g - an uncursed touchstone Contents of the sack: an uncursed scroll of blank paper a cursed scroll of enchant weapon an uncursed scroll of identify 2 uncursed scrolls of teleportation a blessed potion of blindness an uncursed potion of confusion an uncursed potion of gain energy an uncursed potion of restore ability an uncursed potion of water named u an uncursed +0 pick-axe Elenmirie the Archeologist's attributes: Background: You were a Field Worker, a level 5 female gnomish Archeologist. You were neutral, nominally on a mission for Camaxtli who was opposed by Quetzalcoatl (lawful) and Huhetotl (chaotic). You were in the Gnomish Mines, on level 5. You entered the dungeon 2704 turns ago. You had 174 experience points, 146 more were needed to attain level 6. Basics: You had 0 out of 31 hit points. You had all 26 energy points (spell power). Your armor class was 0. Your wallet contained 541 zorkmids. Autopickup was on for '$' plus thrown. Final Characteristics: Your strength was 14 (limit:18/50). Your dexterity was 9 (limit:18). Your constitution was 14 (limit:18). Your intelligence was 17 (limit:19). Your wisdom was 14 (limit:18). Your charisma was 10 (limit:18). Final Status: You were not hungry. You were unencumbered. You were bare handed. You were unskilled in bare handed combat. Final Attributes: You were piously aligned. You had infravision. You were stealthy. You could walk on water. You were protected. You were fast. You are dead. Miscellaneous: You never encountered a bones level. Total elapsed playing time was 24 minutes and 14 seconds. Vanquished creatures: a pony a shrieker a gray ooze a little dog a giant bat a wererat 3 iguanas 2 coyotes 4 hobbits a hobgoblin 3 giant rats a yellow mold a gnome zombie 3 geckos 6 jackals 2 foxes 9 grid bugs 6 lichens 9 newts 56 creatures vanquished. No species were genocided or became extinct. Voluntary challenges: You were an atheist. You were illiterate. You never engraved Elbereth. You never genocided any monsters. You never polymorphed an object. You never changed form. You used no wishes. Achievements: You entered a shop. You attained the rank of Field Worker. You entered the Gnomish Mines. You entered Minetown. The Dungeons of Doom: levels 1 to 5 Level 1: A fountain. Level 2: A general store. Stairs down to The Gnomish Mines. Level 3: An armor shop, some fountains. Level 4: A fountain. Level 5: A sink. The Gnomish Mines: levels 3 to 5 Level 3: Level 4: Level 5: <- You were here. Some shops, some fountains, some trees. Final resting place for you, killed by a giant bat, while frozen by a floating eye's gaze. Game over: ---------- / \ / REST \ / IN \ / PEACE \ / \ | elenmirie | | 541 Au | | killed by a | | giant bat | | | | | | 2022 | *| * * * | * _________)/\\_//(\/(/\)/\//\/|_)_______ Goodbye elenmirie the Archeologist... You died in The Gnomish Mines on dungeon level 5 with 1383 points, and 541 pieces of gold, after 2704 moves. You were level 5 with a maximum of 31 hit points when you died.